 Dungeon Crawl Stone Soup version 0.22-a0-181-gb22368a (webtiles) character file.

34 Amnesiac the Magician (level 3, -1/24 HPs)
             Began as a Mummy Earth Elementalist on Feb 14, 2018.
             Slain by a leopard gecko (4 damage)
             ... on level 4 of the Dungeon.
             The game lasted 00:01:12 (247 turns).

Amnesiac the Magician (Mummy Earth Elementalist)     Turns: 247, Time: 00:01:13

Health: -1/24      AC:  2    Str: 11    XL:     3   Next: 14%
Magic:  1/7        EV: 12    Int: 15    God:
Gold:   42         SH:  0    Dex: 12    Spells: 5/8 levels left

rFire    x . .     SeeInvis .   a - +0 dagger
rCold    + . .     Gourm    .   (no shield)
rNeg     + + +     Faith    .   c - +0 robe
rPois    ∞         Spirit   .   (no helmet)
rElec    .         Reflect  .   (no cloak)
rCorr    .         Harm     .   (no gloves)
MR       .....                  (no boots)
Stlth    ++........             (no amulet)
HPRegen  0.08/turn              (no ring)
MPRegen  0.10/turn              (no ring)

@: no status effects
A: no food or potions, fire vulnerability, cold resistance 1, negative energy
resistance 3, torment resistance, unbreathing
a: no special abilities


You were on level 4 of the Dungeon.
You were not hungry.

You visited 1 branch of the dungeon, and saw 4 of its levels.

You collected 42 gold pieces.

Inventory:

Hand Weapons
 a - a +0 dagger (weapon)
Missiles
 b - 51 stones (quivered)
Armour
 c - a +0 robe (worn)
Scrolls
 e - a scroll of magic mapping {!r, unknown}
 f - a scroll of amnesia {!r, unknown}
 g - a scroll of noise {!r, unknown}
Books
 d - a book of Geomancy

   Spells                             Type                      Level
   a - Sandblast                      Earth                        1
   b - Passwall                       Transmutation/Earth          2
   c - Stone Arrow                    Conjuration/Earth            3
   d - Petrify                        Transmutation/Earth          4
   e - Lee's Rapid Deconstruction     Earth                        5


   Skills:
 + Level 0.5 Short Blades
 - Level 1.5 Dodging
 - Level 2.0 Stealth
 + Level 3.0 Spellcasting
 - Level 1.1 Transmutations
 * Level 2.9 Earth Magic


You had 5 spell levels left.
You knew the following spells:

 Your Spells              Type           Power        Failure   Level  Hunger
a - Sandblast             Erth           ##....       6%          1    N/A
b - Passwall              Tmut/Erth      #.........   13%         2    N/A

Dungeon Overview and Level Annotations

Branches:
Dungeon (4/15)
 Temple: D:4-7

Altars:


Innate Abilities, Weirdness & Mutations

You do not eat or drink.
Your flesh is vulnerable to fire.
You are immune to poison.
Your flesh is cold resistant. (rC+)
You are immune to negative energy. (rN+++)
You are immune to unholy pain and torment.
You can survive without breathing.


Message History

Increase (S)trength, (I)ntelligence, or (D)exterity?
You feel clever.
b - 52 stones
Casting: Sandblast (safe; 6% risk of failure)
Confirm with . or Enter, or press ? or * to list all spells.
Aiming: Sandblast (safe; 6% risk of failure)
Press: ? - help, Shift-Dir - straight line, f - orc
Aim: an orc, wielding a dagger and wearing a ring mail You miscast Sandblast.
You are very lightly contaminated with residual magic.
Nothing appears to happen.
Casting: Sandblast (safe; 6% risk of failure)
Confirm with . or Enter, or press ? or * to list all spells.
You don't have enough magic to cast that spell.
Casting: Sandblast (safe; 6% risk of failure)
Confirm with . or Enter, or press ? or * to list all spells.
You don't have enough magic to cast that spell.
Casting: Sandblast (safe; 6% risk of failure)
Confirm with . or Enter, or press ? or * to list all spells.
You don't have enough magic to cast that spell.
Casting: Sandblast (safe; 6% risk of failure)
Confirm with . or Enter, or press ? or * to list all spells.
You don't have enough magic to cast that spell.
Casting: Sandblast (safe; 6% risk of failure)
Confirm with . or Enter, or press ? or * to list all spells.
You don't have enough magic to cast that spell.
Casting: Sandblast (safe; 6% risk of failure)
Confirm with . or Enter, or press ? or * to list all spells.
You don't have enough magic to cast that spell.
Casting: Sandblast (safe; 6% risk of failure)
Confirm with . or Enter, or press ? or * to list all spells.
Aiming: Sandblast (safe; 6% risk of failure)
Press: ? - help, Shift-Dir - straight line, f/p - orc
Aim: an orc, wielding a dagger and wearing a ring mail The blast of sand hits the orc.
The orc is heavily wounded.
b - 51 stones The orc closely misses you.
An orc comes into view. It is wielding a mace.
The orc shouts!
You hear a shout!
The orc hits you with a dagger.
An orc comes into view. It is wielding a dagger.
You hit the orc.
The orc is almost dead.
The orc barely misses you.
You hit the orc but do no damage.
The orc is almost dead.
You barely miss the orc.
The orc is almost dead.
The orc hits you with a dagger. The orc hits you but does no damage.
You hit the orc but do no damage.
The orc is almost dead.
The orc closely misses you.
You closely miss the orc. The orc hits you with a dagger. x2
* * * LOW HITPOINT WARNING * * *
The orc misses you. The orc hits you but does no damage.
The orc hits you with a mace!
* * * LOW HITPOINT WARNING * * *
There is a stone staircase leading up here.
Your magical contamination has completely faded away.
The leopard gecko completely misses you.
The leopard gecko bites you.
You die...

####.###.#..#.
#....$##......
#.....#...#
#......%..#
#....<..o.###..#
#.....##o......#
########o##.##.#
#l# # #@# #.#
#.####..#
#.<....l#
#..........##
......#######
##...# ##.# ##


You could see 3 orcs and a leopard gecko.

Vanquished Creatures
  A centaur skeleton (D:4)
  2 bats (D:2)
  A goblin (D:2)
  2 hobgoblins
  A kobold (D:1)
7 creatures vanquished.

Notes
Turn   | Place    | Note
-------+----------+-------------------------------------------
     0 | D:1      | Amnesiac the Mummy Earth Elementalist began the quest for the Orb.
     0 | D:1      | Reached XP level 1. HP: 13/13 MP: 4/4
   183 | D:2      | Reached XP level 2. HP: 17/19 MP: 5/5
   188 | D:2      | Learned a level 2 spell: Passwall
   222 | D:4      | Reached skill level 3 in Spellcasting
   222 | D:4      | Reached skill level 1 in Transmutations
   222 | D:4      | Reached XP level 3. HP: 16/24 MP: 1/7
   247 | D:4      | Slain by a leopard gecko

Vault maps used:
D:1:      dpeg_arrival_windows_large_door, st_stairs_6, xom_teletrap_fun
D:3:      fedhas_altar_2
D:4:      grunt_dithmenos_shadows, temple_hall_moat, serial_shops,
          nicolae_shop_trees, first_ration

Skill      XL: |  1  2 |
---------------+-------+-----
Stealth        | 2 |  2.0
Spellcasting   | 3 |  3.0
Transmutations | 1 |  1.1
Short Blades   | |  0.5
Dodging        | |  1.5
Earth Magic    | |  2.9

Action                   || total
-------------------------++-------
Melee: Dagger            ||    18
 Cast: Sandblast         ||     9
 Stab: Sleeping          ||     1
Armor: Robe              ||     5
Dodge: Dodged            ||    19

Table legend:
 A = Spawn XP
 B = Non-spawn XP
 C = Spawn XP percentage of total XP
 D = Spawn monster count
 E = Non-spawn monster count
 F = Spawn count percentage of total count
 G = Total turns spent on level
                    A         B        C        D         E        F      G
               +---------+---------+-------+---------+---------+-------+---------
         Total |       0 |      49 |   0.0 |       0 |       7 |   0.0 |   247
               +---------+---------+-------+---------+---------+-------+---------
           D:1 |       0 |       4 |   0.0 |       0 |       2 |   0.0 |   129
           D:2 |       0 |       8 |   0.0 |       0 |       4 |   0.0 |    69
           D:4 |       0 |      37 |   0.0 |       0 |       1 |   0.0 |    45
               +---------+---------+-------+---------+---------+-------+---------
